 Dungeon Crawl Stone Soup version 0.29.1-15-g9cfb28693d (webtiles) character file.

Game seed: 3569710372886054603

46 iamoutofideas the Chopper (level 3, -7/33 HPs)
             Began as a Hill Orc Berserker on May 1, 2023.
             Was a Believer of Trog.
             Mangled by a gnoll
             ... wielding a +0 halberd
              (10 damage)
             ... on level 2 of the Dungeon.
             The game lasted 00:01:50 (1067 turns).

iamoutofideas the Chopper (Hill Orc Berserker)      Turns: 1067, Time: 00:01:51

Health: -7/33      AC:  8    Str: 21    XL:     3   Next: 68%
Magic:  3/3        EV:  8    Int:  7    God:    Trog [**....]
Gold:   47         SH:  0    Dex: 10    Spells: 2/2 levels left

rFire   . . .      SeeInvis .   a - +0 hand axe
rCold   . . .      Faith    .   (no shield)
rNeg    . . .      Spirit   .   h - +0 chain mail
rPois   .          Reflect  .   (no helmet)
rElec   .          Harm     .   (no cloak)
rCorr   .          Rampage  .   (no gloves)
Will    .....                   (no boots)
Stlth   ..........              (no amulet)
HPRegen 0.11/turn               (no ring)
MPRegen 0.08/turn               (no ring)

@: no status effects
A: no striking features
a: Renounce Religion, Berserk, Trog's Hand


You were on level 2 of the Dungeon.
You worshipped Trog.
Trog was pleased with you.
You visited 1 branch of the dungeon, and saw 2 of its levels.

You collected 47 gold pieces.

Inventory:

Hand Weapons
 a - a +0 hand axe (weapon)
Armour
 b - a +0 animal skin
 e - a +0 ring mail
 h - a +0 chain mail (worn)
Scrolls
 d - a scroll of immolation {unknown}
 f - a scroll of enchant weapon {unknown}
 j - a scroll of magic mapping {unknown}
 k - a scroll of torment {unknown}
Potions
 c - 3 potions of curing {unknown}
 g - a potion of magic {unknown}
 i - a potion of attraction {unknown}


   Skills:
 + Level 4.2 Fighting
 * Level 5.4 Axes
 - Level 2.2 Armour
 - Level 1.6 Dodging


You had 2 spell levels left.
You didn't know any spells.
Your spell library was empty.

Dungeon Overview and Level Annotations

Branches:
Dungeon (2/15)

Altars:

Shops:
D:1 [


Message History

The bat closely misses you.
A bat is nearby!
You hit the bat.
The bat is severely wounded.
The bat hits you but does no damage. The bat barely misses you.
The bat closely misses you.
A bat is nearby!
A bat is nearby!
You barely miss the bat.
The bat is severely wounded.
The bat hits you but does no damage. The bat hits you but does no damage.
You hit the bat.
You kill the bat!
Trog accepts your kill.
No target in view!
No target in view!
A gnoll comes into view. It is wielding a +0 halberd.
The gnoll shouts!
A gnoll comes into view. It is wielding a +6 halberd.
A gnoll comes into view. It is wielding a +0 flail.
There are monsters nearby!
The gnoll shouts!
A goblin comes into view. It is wielding a +0 dagger.
There are monsters nearby!
The goblin shouts!
The gnoll hits you from afar with a +0 halberd!
There are monsters nearby!
You barely miss the gnoll. The gnoll hits you with a +0 halberd!
You fail to use your ability.
The gnoll barely misses you. x2
The goblin hits you but does no damage.
Unknown command.
You are too injured to fight recklessly!
Unknown command.
You are too injured to fight recklessly!
The goblin attacks as you move away! The goblin misses you.
The gnoll hits you with a +0 halberd!
* * * LOW HITPOINT WARNING * * *
The gnoll hits you from afar with a +0 halberd!
You die...

.# ###+##### ...
#.......# .. #..$....#
##+#.###.......# ###
......gg.......# ##.#
#.g......# #..##
###@!##### #.... #...##
#... ####...#####..######
#.................>.
#.#..#..####..##....
#.#..#..####..##.#..
#.#...........##.#..
#.####.............##.###
.........)....#....##....


You could see 2 gnolls and a goblin.

Vanquished Creatures
  A worm (D:2)
  2 dart slugs (D:1)
  3 ball pythons
  2 endoplasms (D:1)
  A giant cockroach (D:1)
  2 goblins
  6 hobgoblins (D:1)
  5 quokkas (D:1)
  5 bats
  3 frilled lizards (D:1)
  5 kobolds (D:1)
  3 rats
38 creatures vanquished.

Notes
Turn   | Place    | Note
-------+----------+-------------------------------------------
     0 | D:1      | iamoutofideas the Hill Orc Berserker began the quest for
                  | the Orb.
     0 | D:1      | Reached XP level 1. HP: 19/19 MP: 1/1
     8 | D:1      | Found Kiedghim's Antique Armour Boutique.
   102 | D:1      | Reached XP level 2. HP: 27/27 MP: 2/2
   460 | D:1      | Reached XP level 3. HP: 30/33 MP: 3/3
   489 | D:1      | Reached skill level 5 in Axes
   517 | D:1      | Reached ** piety under Trog
  1067 | D:2      | Mangled by a gnoll

Illustrated notes

Levels and vault maps discovered:
D:1:      lemuel_arrival_broad_hall, layout_loops_ring, serial_shops, shop
D:2:      layout_basic

Skill      XL: |  1  2  3 |
---------------+----------+-----
Fighting       | 4 |  4.2
Axes           | 5 |  5.4
Armour         | |  2.2
Dodging        | |  1.6

Action                   || total
-------------------------++-------
Melee: Hand axe          ||   106
       Punch             ||     3
Invok: Berserk           ||     1
Armor: Animal skin       ||     6
       Ring mail         ||    29
       Chain mail        ||     8
Dodge: Dodged            ||    82
